 Dungeon Crawl Stone Soup version 0.32-a0-705-g60f233581c (webtiles) character file.

Game seed: 14551819968545030356

2052 garrulousMonolith the Cleaver (level 9, -1/68 (75) HPs)
             Began as a Mountain Dwarf Fighter on Mar 14, 2024.
             Was a Follower of Beogh.
             Slain by a wight
             ... wielding a +0 long sword
              (7 damage)
             ... on level 7 of the Dungeon.
             The game lasted 00:10:30 (7472 turns).

garrulousMonolith the Cleaver (MDFi)                Turns: 7472, Time: 00:10:31

HP:   -1/68 (75)    AC: 14    Str: 19    XL:     9   Next: 4%
MP:   13/13         EV:  6    Int: 11    God:    Beogh [*.....]
Gold: 228           SH:  5    Dex: 11    Spells: 8/8 levels left

rFire   . . .        a - +0 war axe
rCold   . . .        c - +0 buckler
rNeg    . . .        o - +0 chain mail
rPois   .            u - +2 hat
rElec   .            (no cloak)
rCorr   .            w - +0 pair of gloves
SInv    .            d - +0 pair of boots
Will    +....        (no amulet) Stlth
                     A - ring of willpower
HPRegen 0.31/turn    (no ring)
MPRegen 0.13/turn

%: no passive effects
@: drained
A: runic magic, artefact enchanting
a: Renounce Religion


You were on level 7 of the Dungeon.
You worshipped Beogh.
Beogh was aware of your devotion.
You visited 1 branch of the dungeon, and saw 7 of its levels.

You collected 313 gold pieces.
You spent 85 gold pieces at shops.

Inventory:

Hand Weapons
 a - a +0 war axe (weapon)
 x - a +2 short sword of electrocution
Missiles
 e - 20 poisoned darts (quivered)
 i - 2 javelins
Armour
 c - a +0 buckler (worn)
 d - a +0 pair of boots (worn)
 o - a +0 chain mail (worn)
 u - a +2 hat (worn)
 w - a +0 pair of gloves (worn)
Jewellery
 A - a ring of willpower (left hand)
Wands
 b - a wand of flame (28)
 j - a wand of polymorph (9)
 q - a wand of warping (7)
 v - a wand of mindburst (10)
Scrolls
 g - a scroll of enchant armour
 l - a scroll of silence
 m - 6 scrolls of teleportation
 n - a scroll of vulnerability
 s - a scroll of identify
 t - a scroll of fear
 y - a scroll of amnesia
Potions
 f - 3 potions of lignification
 h - 2 potions of might
 k - 3 potions of degeneration
 p - 2 potions of heal wounds
 r - a potion of curing
 z - a potion of cancellation


   Skills:
 + Level 6.2 Fighting
 * Level 8.7 Axes
 + Level 6.2 Armour
 + Level 6.1 Shields
 + Level 6.0 Invocations


You had 8 spell levels left.
You didn't know any spells.
Your spell library contained the following spells:

 Spells                   Type           Power      Damage    Failure   Level
 Leda's Liquefaction      Alch/Erth      0%         N/A       100%        4
 Lee's Rapid Deconstruct  Erth           0%         3d4*      100%        5
 Permafrost Eruption      Ice/Erth       0%         2x4d2     100%        6


Dungeon Overview and Level Annotations

Branches:
Dungeon (7/15)             Temple (0/1) D:6

Altars:
Fedhas
Gozag
Qazlal
Sif Muna
Trog
Wu Jian
The Shining One

Shops:
D:5 :!!:*   D:6 :


Innate Abilities, Weirdness & Mutations

Your spellcasting is much less encumbered by armour.
You can use scrolls of enchantment on lesser artefacts.


Message History

You barely miss the wight.
The wight is lightly damaged.
You hit the wight but do no damage. You hit the kobold brigand.
You kill the kobold brigand!
Beogh accepts your kill.
You hit the wight but do no damage. You closely miss the wight.
The wight barely misses you. The wight completely misses you.
The wight hits you with a +0 war axe!
The wight hits you with a +0 long sword.
Your life force feels restored.
Your Invocations skill increases to level 6!
You hit the wight.
The wight is lightly damaged.
You hit the wight but do no damage. x2; You closely miss the wight. x2
You block the wight's attack. x2; The wight closely misses you.
The wight hits you with a +0 war axe. The wight hits you but does no damage.
You slash the wight!
The wight is almost destroyed.
You hit the wight. x2; You closely miss the wight.
You hit the wight but do no damage. The wight hits you but does no damage.
You block the wight's attack. The wight hits you with a +0 dagger.
The wight hits you with a +0 war axe!
You feel drained.
The wight hits you with a +0 long sword.
* * * LOW HITPOINT WARNING * * *
You feel much better.
The wight hits you with a +3 mace of freezing!
You feel drained. The wight freezes you. The wight barely misses you.
The wight hits you but does no damage. The wight hits you with a +0 war axe.
You feel drained. The wight barely misses you.
The wight hits you with a +3 mace of freezing!
* * * LOW HITPOINT WARNING * * *
The wight freezes you.
* * * LOW HITPOINT WARNING * * *
You block the wight's attack. The wight hits you with a +0 dagger.
* * * LOW HITPOINT WARNING * * *
You feel drained.
* * * LOW HITPOINT WARNING * * *
The wight hits you but does no damage.
The wight hits you with a +0 long sword!
You die...

## #.## ##z..##
#@z...#
......zzz......
###.###.?...##.
##..!## #....
#####


You could see 5 wights.

Vanquished Creatures
  Eustachio (D:6)
  A water moccasin (D:6)
  3 ice beasts
  A sky beast (D:5)
  2 ogres
  A centaur (D:5)
  3 phantoms
  A kobold brigand (D:7)
  2 gnoll sergeants
  2 scorpions
  A bombardier beetle (D:6)
  2 jellies
  A gnoll bouda (D:3)
  2 hounds
  Ijyb (D:3)
  2 iguanas
  2 orc wizards (D:6)
  10 gnolls
  10 adders
  A shadow imp (D:5)
  2 white imps
  2 ufetubi (D:6)
  3 dart slugs
  A ribbon worm (D:5)
  19 orcs
  7 ball pythons
  5 endoplasms
  2 giant cockroaches
  9 goblins
  10 hobgoblins
  3 jackals (D:3)
  6 quokkas
  11 bats
  3 frilled lizards
  16 kobolds
  9 rats
157 creatures vanquished.

Notes
Turn   | Place    | Note
-------+----------+-------------------------------------------
     0 | D:1      | garrulousMonolith the Mountain Dwarf Fighter began the
                  | quest for the Orb.
     0 | D:1      | Reached XP level 1. HP: 19/19 MP: 1/1
   178 | D:1      | Reached XP level 2. HP: 19/26 MP: 2/2
   329 | D:1      | Reached skill level 3 in Axes
   329 | D:1      | Reached skill level 1 in Invocations
   560 | D:1      | Reached XP level 3. HP: 28/31 MP: 3/3
  1084 | D:2      | Found a shimmering blue altar of Sif Muna.
  1978 | D:3      | Reached XP level 4. HP: 28/40 MP: 5/5
  2026 | D:3      | You fall into a shaft and drop 1 floor!
  2026 | D:4      | Found a glowing golden altar of the Shining One.
  2116 | D:3      | Reached skill level 4 in Axes
  2310 | D:3      | Noticed Ijyb
  2370 | D:3      | Killed Ijyb
  2371 | D:3      | Reached XP level 5. HP: 26/46 MP: 6/6
  2974 | D:3      | Reached XP level 6. HP: 52/52 MP: 8/8
  3053 | D:4      | Reached skill level 5 in Axes
  3734 | D:4      | Found an ornate altar of the Wu Jian Council.
  3841 | D:4      | Became a worshipper of Beogh the Shepherd
  4102 | D:4      | Found a bloodstained altar of Trog.
  4243 | D:5      | Entered Level 5 of the Dungeon
  4255 | D:5      | Found a stormy altar of Qazlal.
  4259 | D:5      | Found Zameir's Distillery.
  4267 | D:5      | Bought a potion of curing for 30 gold pieces
  4332 | D:5      | Reached XP level 7. HP: 31/60 MP: 9/9
  4462 | D:5      | Found Fivioduh's Distillery.
  4466 | D:5      | Bought a potion of heal wounds for 55 gold pieces
  4514 | D:5      | Found Feullaceo's Book Boutique.
  4531 | D:5      | Reached skill level 6 in Axes
  4716 | D:5      | Found Namujim's General Store.
  4896 | D:4      | Found an opulent altar of Gozag.
  4896 | D:4      | Found a blossoming altar of Fedhas.
  4949 | D:5      | Reached skill level 5 in Armour
  5229 | D:5      | Found Ycaogg's Book Emporium.
  5449 | D:5      | Reached skill level 5 in Fighting
  5449 | D:5      | Reached skill level 5 in Shields
  5782 | D:6      | Found a staircase to the Ecumenical Temple.
  5845 | D:6      | Reached skill level 7 in Axes
  5845 | D:6      | Reached XP level 8. HP: 62/68 MP: 11/11
  6143 | D:5      | Reached skill level 5 in Invocations
  6228 | D:6      | Reached skill level 8 in Axes
  6237 | D:6      | Noticed Eustachio
  6291 | D:6      | Killed Eustachio
  6537 | D:6      | Found Tieso's Book Emporium.
  6651 | D:6      | Reached * piety under Beogh
  6916 | D:6      | Reached XP level 9. HP: 18/75 MP: 13/13
  7472 | D:7      | Slain by a wight

Illustrated notes

Levels and vault maps discovered:
D:1:      nicolae_arrival_somewhat_less_tricky_arrival, layout_loops_ring
D:2:      layout_basic, basic_altar, glass_columns_c
D:3:      kennysheep_goblin_castle, layout_loops_cross
D:4:      layout_loops_cross, nzn_wu_jian_contemplation, lightli_temple_of_fire,
          mainiacjoe_overflow_small_starburst, nicolae_overflow_hidden_temple,
          nicolae_elevator_lobby_asterisk
D:5:      layout_gridville, grunt_qazlal_sundering, serial_shops,
          nicolae_shop_trees, nicolae_shop_temple_entry_statues_fountains,
          nicolae_shop_back_alley_shop, shop, nicolae_shop_tiny_waterfront,
          grunt_decor_resistance
D:6:      layout_cave_pools, minmay_temple_entry_mist, serial_shops, shop,
          uniq_eustachio
D:7:      layout_loops_ring, enter_bailey_3

Skill      XL: |  1  2  3  4  5  6  7  8  9 |
---------------+----------------------------+-----
Axes           | 3 4 5 7 8 |  8.7
Invocations    | 1 2 3 4 5 6 |  6.0
Fighting       | 4 5 6 |  6.2
Armour         | 4 5 6 |  6.2
Shields        | 4 5 6 |  6.1

Action                     |  1- 3 |  4- 6 |  7- 9 || total
---------------------------+-------+-------+-------++-------
  Melee: War axe           |   162 |   218 |   273 ||   653
  Throw: Dart              |       |       |     5 ||     5
 Invoke: Convert to Beogh  |       |     1 |       ||     1
  Evoke: Wand              |       |       |     7 ||     7
    Use: Potion            |       |     3 |     4 ||     7
         Scroll            |       |     4 |     7 ||    11
 Armour: Scale mail        |   160 |       |       ||   160
         Chain mail        |    22 |   183 |   378 ||   583
  Dodge: Dodged            |    72 |    65 |   144 ||   281
  Block: Buckler           |    46 |    52 |   122 ||   220

Table legend: (Time is in decaauts)
 A = Elapsed time spent in this place.
 B = Non-inter-level travel time spent in this place.
 C = Inter-level travel time spent in this place.
 D = Time resting spent in this place.
 E = Time spent auto-exploring this place.
 F = Levels seen in this place.
 G = Mean time per level.
                   A        B        C        D        E       F      G
               +--------+--------+--------+--------+--------+-----+--------+
         Total |   7646 |   7430 |    216 |   1858 |   4015 |   7 | 1092.3 |
       Dungeon |   7646 |   7430 |    216 |   1858 |   4015 |   7 | 1092.3 |
               +--------+--------+--------+--------+--------+-----+--------+

Top non-repeatable levels by time:
     D:5: 1731 daAuts
     D:3: 1529 daAuts
     D:6: 1511 daAuts
     D:2: 1028 daAuts
     D:4: 919 daAuts
     D:1: 907 daAuts
     D:7: 18 daAuts
